 Dungeon Crawl Stone Soup version 0.18.1-47-g9310371 (webtiles) character file.

303 grulito the Bolt Thrower (level 6, -2/48 HPs)
             Began as a Centaur Hunter on June 19, 2016.
             Was an Initiate of Cheibriados.
             Slain by a goblin
             ... wielding a +0 club
             ... led by Robin
              (8 damage)
             ... on level 4 of the Dungeon.
             The game lasted 00:29:25 (4894 turns).

grulito the Bolt Thrower (Centaur Hunter)           Turns: 4894, Time: 00:29:26

Health: -2/48      AC:  5    Str: 18    XL:     6   Next: 15%
Magic:  5/6        EV:  9    Int: 11    God:    Cheibriados [......]
Gold:   183        SH:  0    Dex: 10    Spells: 0 memorised, 5 levels left

rFire  . . .     SeeInvis .     a - +1 hand crossbow
rCold  . . .     Gourm    .     l - +0 ring mail
rNeg   . . .     Faith    .     (no shield)
rPois  .         Spirit   .     (no helmet)
rElec  .         Dismiss  .     (no cloak)
rCorr  .         Reflect  .     (no gloves)
SustAt .         Harm     .     (no barding)
MR     .....                    (no amulet)
Stlth  ..........               (no ring)
                                (no ring)

@: slow, not resistant to hostile enchantments, extremely unstealthy
A: hooves 3, deformed body, speed 2, tough skin 3
a: Bend Time, Renounce Religion


You were on level 4 of the Dungeon.
You worshipped Cheibriados.
Cheibriados was noncommittal.
You were hungry.

You visited 1 branch of the dungeon, and saw 4 of its levels.

You collected 183 gold pieces.

Inventory:

Hand Weapons
 a - a +1 hand crossbow (weapon)
 b - a +0 short sword
 i - a +0 short sword
 j - a +2 mace of protection
 A - a +1 dagger of venom
 D - a cursed -3 trident
Missiles
 d - 31 bolts (quivered)
Armour
 c - a +0 leather armour
 l - a +0 ring mail (worn)
 r - a +0 leather armour
Jewellery
 y - an uncursed ring of protection from magic {unknown}
Wands
 s - a wand of random effects (39/48)
Scrolls
 e - 2 scrolls of amnesia
 g - 2 scrolls of identify
 k - 2 scrolls of remove curse {unknown}
 q - 2 scrolls of magic mapping {unknown}
 u - 2 scrolls of recharging {unknown}
 w - a scroll of immolation {unknown}
Potions
 f - a potion of agility {unknown}
 h - a potion of mutation {unknown}
 n - 2 potions of heal wounds {unknown}
 o - a potion of curing
 t - a potion of magic {unknown}
 v - a potion of haste {unknown}
 x - 2 potions of lignification {unknown}
 z - a potion of resistance {unknown}
Books
 B - a book of the Tempests

   Spells                             Type                      Level
   a - Static Discharge               Conjuration/Air              3
   b - Lightning Bolt                 Conjuration/Air              5
   c - Fireball                       Conjuration/Fire             5
   d - Tornado                        Air                          9
   e - Shatter                        Earth                        9
Comestibles
 C - 2 bread rations


   Skills:
 + Level 2.1 Fighting
 + Level 7.2 Crossbows
 + Level 1.6 Armour
 + Level 1.9 Dodging
 + Level 0.9 Stealth


You had 5 spell levels left.
You didn't know any spells.

Dungeon Overview and Level Annotations

Branches:
Dungeon (4/15)
 Temple: D:4-7

Altars:
Ashenzari
Cheibriados
The Shining One

Annotations:
D:4 Robin


Innate Abilities, Weirdness & Mutations

You have hooves in place of feet.
Armour fits poorly on your strangely shaped body.
You cover ground very quickly.
You have extremely tough skin (AC +3).


Message History

* * * LOW HITPOINT WARNING * * *
The adder bites you but does no damage.
Robin roars a battlecry!
The hobgoblin goes into a battle-frenzy!
The goblin closely misses you. The adder closely misses you.
Found a stone staircase leading down.
The adder bites you but does no damage. The goblin hits you but does no damage.
Robin hits you but does no damage. Robin hits you with a dagger of speed.
* * * LOW HITPOINT WARNING * * *
The hobgoblin is no longer moving slowly.
The goblin no longer looks unusually strong.
Robin roars a battlecry!
The goblin goes into a battle-frenzy!
Robin throws the goblin at you!
* * * LOW HITPOINT WARNING * * *
The goblin hits you but does no damage. The adder closely misses you.
Things that are here:
a bolt; a club The goblin hits you with a club!
You die...

#.......#.# #.....# #........#
#.....#
#######......)######.....#######+
....(..).....(...................
.............(...................
..........................>......
.................................
............g.gS.................
..............)g@................
..............g(g.....(..........
.................................
.###+####'####.####+###+#########
. .>... .... ............ .......
... ....... .. ....... .


You could see Robin, an adder, 2 hobgoblins and 2 goblins.

Vanquished Creatures
  Crazy Yiuf (D:2)
  An orc priest (D:3)
  Jessica (D:3)
  Natasha (thrice) (D:2)
  Terence (D:3)
  3 adders
  A worm (D:3)
  2 dart slugs
  3 giant geckos
  7 orcs (D:3)
  3 giant cockroaches
  13 goblins
  7 hobgoblins
  6 jackals
  A quokka (D:3)
  7 bats
  4 giant newts
  7 kobolds
  7 rats
  2 fungi (D:2)
80 creatures vanquished.

Notes
Turn   | Place    | Note
--------------------------------------------------------------
     0 | D:1      | grulito the Centaur Hunter began the quest for the Orb.
     0 | D:1      | Reached XP level 1. HP: 17/17 MP: 1/1
   386 | D:1      | Reached XP level 2. HP: 24/24 MP: 2/2
   388 | D:1      | Reached skill level 5 in Crossbows
  1087 | D:2      | Reached XP level 3. HP: 25/29 MP: 3/3
  1283 | D:2      | Noticed Natasha
  1304 | D:2      | Killed Natasha
  1502 | D:2      | Noticed Natasha
  1520 | D:2      | Killed Natasha
  1520 | D:2      | Reached skill level 6 in Crossbows
  1520 | D:2      | Reached XP level 4. HP: 19/36 MP: 4/4
  1928 | D:2      | Noticed Crazy Yiuf
  1948 | D:2      | Killed Crazy Yiuf
  2356 | D:2      | Found a shattered altar of Ashenzari.
  2356 | D:2      | Found a glowing golden altar of the Shining One.
  2369 | D:2      | Became a worshipper of the Shining One
  2495 | D:2      | Noticed Natasha
  2504 | D:2      | Killed Natasha
  2504 | D:2      | Reached XP level 5. HP: 41/41 MP: 5/5
  3193 | D:3      | Reached skill level 1 in Armour
  3387 | D:3      | Found a snail-covered altar of Cheibriados.
  3398 | D:3      | Fell from the grace of the Shining One
  3398 | D:3      | Became a worshipper of Cheibriados the Contemplative
  3695 | D:3      | Found a faded altar to an unknown god.
  4380 | D:3      | Noticed Jessica
  4389 | D:3      | Killed Jessica
  4389 | D:3      | Reached skill level 7 in Crossbows
  4450 | D:3      | Noticed Terence
  4466 | D:3      | Killed Terence
  4466 | D:3      | Reached XP level 6. HP: 48/48 MP: 6/6
  4728 | D:4      | Noticed Robin
  4878 | D:4      | HP: 1/48 [goblin/dagger[Robin] (3)]
  4894 | D:4      | Slain by a goblin

Skill      XL: |  1  2  3  4  5 |
---------------+----------------+-----
Crossbows      | 5 6 7 |  7.2
Armour         | 1 |  1.6
Fighting       | |  2.1
Dodging        | |  1.9
Stealth        | |  0.9

Action                   |  1- 3 |  4- 6 || total
-------------------------+-------+-------++-------
Melee: Hand crossbow     |     5 |    65 ||    70
       Kick              |     2 |    36 ||    38
 Fire: Hand crossbow     |    89 |   135 ||   224
Invok: Bend Time         |       |     1 ||     1
  Use: Scroll            |       |     4 ||     4
       Potion            |       |     3 ||     3
  Eat: Pizza             |       |     2 ||     2
       Beef jerky        |       |     1 ||     1
       Chunk             |       |     1 ||     1
       Bread ration      |       |     1 ||     1
Armor: Leather armour    |    35 |       ||    35
       Ring mail         |       |    59 ||    59
Dodge: Dodged            |    33 |    83 ||   116
